 Dungeon Crawl Stone Soup version 0.31-a0-986-g5e6e4ef867 (webtiles) character file.

Game seed: 18029945557669581504

30 LeprechaunX the Changeling (level 3, 0/23 HPs)
             Began as an Octopode Shapeshifter on Nov 8, 2023.
             Slain by a gnoll
             ... wielding a +0 spear
              (7 damage)
             ... on level 2 of the Dungeon.
             The game lasted 00:00:38 (1046 turns).

LeprechaunX the Changeling (Octopode Shapeshifter)  Turns: 1046, Time: 00:00:39

Health: 0/23       AC:  1    Str: 13    XL:     3   Next: 20%
Magic:  3/3        EV: 13    Int: 12    God:
Gold:   41         SH:  0    Dex: 13    Spells: 2/2 levels left

rFire   . .          .
                       - Unarmed
rCold   . . .        (no shield)
rNeg    . . .        (helmet currently unavailable)
rPois   .            (no amulet)
rElec   .            (no ring)
rCorr   .            (no ring)
SInv    .            (no ring)
Will    .....        (no ring)
Stlth   ++           (no ring)
HPRegen 0.23/turn    (no ring)
MPRegen 0.08/turn    (no ring)
                     (no ring)

%: no passive effects
@: beast-form
A: beast (slay +2), almost no armour, amphibious, 8 rings, camouflage 1,
gelatinous body 1, (nimble swimmer 1), tentacles
a: Begin Untransformation


You were on level 2 of the Dungeon.
You were a hulking beast.
You visited 1 branch of the dungeon, and saw 2 of its levels.

You collected 41 gold pieces.

Inventory:

Jewellery
 f - a ring of wizardry
 h - a ring of wizardry
Talismans
 b - a beast talisman
 c - a flux talisman
Potions
 a - a potion of lignification
 d - a potion of cancellation {unknown}
 e - a potion of curing {unknown}
 g - a potion of ambrosia {unknown}


   Skills:
 + Level 1.6 Fighting
 - Level 2.0 Dodging
 + Level 3.3 Unarmed Combat
 * Level 3.5 Shapeshifting


You had 2 spell levels left.
You didn't know any spells.
Your spell library was empty.

Dungeon Overview and Level Annotations

Branches:
Dungeon (2/15)

Altars:


Innate Abilities, Weirdness & Mutations

You are a hulking beast.
Your limbs bulge with bestial killing power. (Slay +2)
You cannot wear most types of armour.
You are amphibious.
You can wear up to eight rings at the same time.
Your skin changes colour to match your surroundings (Stealth+).
Your rubbery body absorbs attacks. (AC +1, EV +1)
((You are camouflaged when in or above water. (Stealth+)))
You have tentacles for arms and can constrict up to eight enemies at once.


Message History

You tentacle-slap the hobgoblin.
The hobgoblin is almost dead.
You constrict the hobgoblin, but do no damage.
The hobgoblin hits you.
You tentacle-slap the hobgoblin.
You kill the hobgoblin!
No target in view!
No target in view!
Done exploring.
Done exploring.
Done exploring.
Done exploring.
Done exploring.
Search for what [? for help]? .
There is an open door here.
There is a stone staircase leading down here.
You climb downwards.
Found a thick jewelled staff.
There is a stone staircase leading up here.
A rat is nearby!
A rat is nearby!
A rat is nearby! 2 gnolls come into view.
Found 12 gold pieces.
The gnoll shouts!
You closely miss the rat. You grab the rat. You constrict the rat.
You tentacle-slap the rat.
You kill the rat!
A gnoll comes into view. It is wielding a +0 spear.
The gnoll hits you from afar with a +0 spear.
You closely miss the gnoll.
The gnoll shouts!
Your grab misses the gnoll. The gnoll misses you.
The gnoll hits you from afar with a +0 spear!
You closely miss the gnoll. You grab the gnoll.
You constrict the gnoll, but do no damage.
The gnoll struggles to escape constriction.
The gnoll hits you from afar with a +0 spear.
The gnoll hits you from afar with a +0 spear!
You die...

#..# #..###
#.... ####
#..# ... #<.#
#.###.# #
#.....#.##
#$.......#
#..h†....#
#gg......#
...g.......#
####........#
##########


You could see 3 gnolls.

Vanquished Creatures
  2 dart slugs (D:1)
  A ball python (D:1)
  An endoplasm (D:1)
  3 giant cockroaches (D:1)
  2 goblins (D:1)
  3 hobgoblins (D:1)
  2 jackals (D:1)
  5 kobolds (D:1)
  2 bats (D:1)
  A frilled lizard (D:1)
  2 rats
24 creatures vanquished.

Notes
Turn   | Place    | Note
-------+----------+-------------------------------------------
     0 | D:1      | LeprechaunX the Octopode Shapeshifter began the quest for
                  | the Orb.
     0 | D:1      | Reached XP level 1. HP: 13/13 MP: 1/1
   136 | D:1      | Reached XP level 2. HP: 18/18 MP: 2/2
   657 | D:1      | Reached XP level 3. HP: 23/23 MP: 3/3
  1046 | D:2      | Slain by a gnoll

Illustrated notes

Levels and vault maps discovered:
D:1:      evilmike_arrival_plus, layout_basic
D:2:      layout_basic

Action                     || total
---------------------------++-------
  Melee: Unarmed           ||    52
         Tentacles         ||     7
         Constrict         ||    14
   Stab: Sleeping          ||     5
 Armour: Skin              ||    24
  Dodge: Dodged            ||    35

Table legend: (Time is in decaauts)
 A = Elapsed time spent in this place.
 B = Non-inter-level travel time spent in this place.
 C = Inter-level travel time spent in this place.
 D = Time resting spent in this place.
 E = Time spent auto-exploring this place.
 F = Levels seen in this place.
 G = Mean time per level.
                   A        B        C        D        E       F      G
               +--------+--------+--------+--------+--------+-----+--------+
         Total |   1042 |   1024 |     18 |      0 |    894 |   2 |  521.0 |
       Dungeon |   1042 |   1024 |     18 |      0 |    894 |   2 |  521.0 |
               +--------+--------+--------+--------+--------+-----+--------+

Top non-repeatable levels by time:
     D:1: 1035 daAuts
     D:2: 7 daAuts
